AoeStats
← Rms

Black Forest

508100895Analyzed
4v4 RM · 11d ago on Sep 20, 2026· 58m 42s· 8 players
Game mode
Random Map
Map size
Large (8 player)
Population
200
Speed
Normal
Resources
Standard
Victory
Conquest
Starting age
Dark Age
Ending age
Imperial Age
RankedLock teamsTeams togetherTeam positionsShared explorationLock speedFull tech treeHidden civsTurbo modeCheats
Victory
Defeat
🇦🇷 Britons · Argentina
1196
+14
🇧🇷 Persians · Brazil
1028
+21
🇧🇷 Franks · Brazil
1012
+21
🇧🇷 Bohemians · Brazil
997
+23
🇵🇱 Turks · Poland
1171
-21
🇨🇴 Italians · Colombia
1141
-20
🇺🇸 Malians · United States
1128
-19
🇵🇱 Mongols · Poland
1113
-19
odoaker2
10:20 Feudal Age
11:12 Double-Bit Axe
17:01 Castle Age
15:18 Stone Mining
16:18 Horse Collar
17:57 Bow Saw
24:32 Heavy Plow
25:59 Fletching
26:54 Thumb Ring
28:54 Padded Archer Armor
29:01 Gold Mining
29:51 Stone Shaft Mining
29:21 Town Watch
30:07 Loom
31:02 Gold Shaft Mining
30:59 Bodkin Arrow
31:36 Masonry
31:37 Fortified Wall
32:55 Ballistics
35:35 Imperial Age
33:41 Wheelbarrow
33:59 Leather Archer Armor
33:54 Forging
33:50 Scale Barding Armor
34:01 Murder Holes
34:33 Husbandry
34:43 Bloodlines
33:54 Light Cavalry
34:42 Caravan
36:07 Iron Casting
36:17 Town Patrol
36:35 Hand Cart
36:59 Hoardings
36:45 Conscription
36:25 Elite Mangudai
38:14 Chemistry
37:46 Hussar
41:47 Bracer
42:48 Blast Furnace
42:09 Chain Barding Armor
42:12 Onager
43:16 Drill
44:25 Onager
49:07 Siege Onager
Zizzle4879
3:53 Loom
4:02 Loom
12:15 Feudal Age
13:29 Double-Bit Axe
15:05 Stone Mining
16:53 Horse Collar
19:26 Castle Age
19:29 Gold Mining
19:54 Forging
22:59 Ballistics
22:42 Scale Mail Armor
27:44 Heavy Plow
29:56 Town Watch
33:58 Imperial Age
32:51 Caravan
33:40 Scale Barding Armor
34:10 Iron Casting
35:09 Wheelbarrow
34:10 Heavy Camel Rider
34:52 Farimba
34:54 Husbandry
35:06 Bloodlines
36:20 Chain Barding Armor
37:06 Conscription
40:17 Elite Gbeto
41:28 Chain Mail Armor
42:49 Gold Shaft Mining
42:53 Plate Barding Armor
42:15 Light Cavalry
jhoncondep
12:31 Feudal Age
16:53 Castle Age
15:28 Double-Bit Axe
16:48 Fletching
21:04 Ballistics
22:13 Loom
22:14 Town Watch
24:02 Bodkin Arrow
27:52 Wheelbarrow
32:14 Imperial Age
30:41 Stone Mining
31:37 Bow Saw
31:25 Gold Mining
34:12 Chemistry
35:02 Horse Collar
37:24 Conscription
37:07 Padded Archer Armor
37:33 Caravan
39:09 Fortified Wall
38:40 Treadmill Crane
39:42 Bracer
40:00 Leather Archer Armor
40:55 Silk Road
41:09 Elite Genoese Crossbowman
45:52 Hoardings
SpartaninPL
0:38 Loom
11:06 Feudal Age
17:56 Castle Age
17:06 Horse Collar
17:14 Double-Bit Axe
25:17 Fortified Wall
26:40 Heavy Plow
26:53 Bow Saw
27:12 Masonry
29:18 Wheelbarrow
29:26 Ballistics
32:49 Imperial Age
30:16 Town Watch
31:51 Hand Cart
32:28 Town Patrol
32:57 Fletching
33:08 Padded Archer Armor
33:12 Gold Mining
33:18 Stone Mining
33:41 Artillery
35:30 Two-Man Saw
35:09 Gold Shaft Mining
35:26 Architecture
35:36 Hoardings
37:38 Bombard Tower
37:24 Bodkin Arrow
37:56 Conscription
38:28 Bloodlines
38:18 Husbandry
43:00 Fervor
43:36 Theocracy
45:01 Heavy Camel Rider
51:32 Scale Barding Armor
Rms
8:57 Loom
11:47 Feudal Age
18:04 Castle Age
16:40 Double-Bit Axe
18:37 Wheelbarrow
24:35 Chemistry
27:14 Bow Saw
33:52 Imperial Age
32:41 Pikeman
33:43 Fletching
36:03 Conscription
37:21 Halberdier
38:46 Forging
38:34 Bodkin Arrow
39:59 Ballistics
39:34 Murder Holes
39:28 Man-at-Arms
46:10 Horse Collar
48:16 Iron Casting
50:11 Caravan
50:54 Bracer
51:58 Blast Furnace
50:59 Scale Mail Armor
53:51 Chain Mail Armor
54:06 Town Watch
54:44 Hand Cart
55:06 Bombard Tower
54:48 Bracer
54:49 Padded Archer Armor
56:56 Leather Archer Armor
® SEILERT ®™
0:46 Loom
14:56 Feudal Age
19:25 Castle Age
18:46 Wheelbarrow
19:05 Double-Bit Axe
21:45 Bow Saw
33:26 Imperial Age
31:19 Hand Cart
31:11 Fletching
31:46 Caravan
32:06 Gold Mining
32:40 Husbandry
33:45 Scale Barding Armor
33:51 Forging
34:45 Conscription
34:14 Cavalier
35:17 Chain Barding Armor
35:56 Gold Shaft Mining
35:41 Onager
37:26 Ballistics
38:06 Chemistry
37:51 Chivalry
38:44 Iron Casting
37:48 Pikeman
38:29 Squires
38:57 Halberdier
40:11 Heavy Scorpion
41:54 Elite Skirmisher
42:22 Elite Throwing Axeman
44:53 Scale Mail Armor
45:53 Blast Furnace
51:28 Chain Mail Armor
51:34 Bodkin Arrow
51:40 Padded Archer Armor
56:22 Light Cavalry
Zee
11:06 Feudal Age
15:43 Castle Age
14:02 Double-Bit Axe
14:21 Horse Collar
15:45 Wheelbarrow
20:12 Bow Saw
20:31 Heavy Plow
21:22 Loom
21:24 Town Watch
22:50 Stone Mining
23:05 Gold Mining
24:40 Stone Shaft Mining
24:50 Gold Shaft Mining
29:02 Imperial Age
26:57 Hand Cart
27:28 Bloodlines
27:19 Husbandry
27:30 Scale Barding Armor
27:36 Forging
30:47 Hoardings
30:36 Conscription
29:37 Elite War Elephant
30:41 Chain Barding Armor
30:59 Iron Casting
31:24 Crop Rotation
31:57 Two-Man Saw
30:46 Cavalier
32:21 Plate Barding Armor
34:22 Blast Furnace
32:50 Light Cavalry
34:49 Caravan
37:35 Hussar
40:37 Savar
Matt Damon
1:43 Loom
11:01 Feudal Age
12:39 Wheelbarrow
12:08 Double-Bit Axe
15:12 Castle Age
13:42 Stone Mining
14:29 Gold Mining
16:32 Bow Saw
20:45 Horse Collar
24:21 Hand Cart
28:05 Imperial Age
26:33 Yeomen
26:53 Town Watch
28:07 Ballistics
27:39 Fletching
27:49 Padded Archer Armor
28:40 Bodkin Arrow
29:35 Elite Longbowman
30:40 Leather Archer Armor
31:38 Conscription
32:18 Gold Shaft Mining
32:50 Two-Man Saw
33:03 Ring Archer Armor
33:33 Heavy Plow
34:11 Gold Shaft Mining
33:50 Bracer
35:19 Chemistry
35:22 Town Patrol
37:26 Warwolf
40:14 Hoardings
Connection lost

Rejoining the realm…

Still unreachable

The connection could not be restored.

Session expired

The server has moved on; the page needs a fresh start.